 Dungeon Crawl Stone Soup version 0.29-a0-791-ga0f254aafb (webtiles) character file.

Game seed: 10547905204505943581

459 Conn the Firebug (level 7, -5/43 HPs)
             Began as an Octopode Fire Elementalist on July 3, 2022.
             Slain by an ice beast (14 damage)
             ... on level 5 of the Dungeon.
             The game lasted 00:13:23 (4523 turns).

Conn the Firebug (Octopode Fire Elementalist)       Turns: 4523, Time: 00:13:23

Health: -5/43      AC:  1    Str:  8    XL:     7   Next: 6%
Magic:  1/12       EV: 14    Int: 19    God:
Gold:   149        SH:  0    Dex: 18    Spells: 4/13 levels left

rFire   . . .      SeeInvis .   s - +4 short sword
rCold   . . .      Faith    .   (no shield)
rNeg    . . .      Spirit   .   (helmet restricted)
rPois   .          Reflect  .   (no amulet)
rElec   .          Harm     .   b - +6 ring of dexterity
rCorr   .          Rampage  .   (no ring)
Will    .....                   (no ring)
Stlth   ++++......              (no ring)
HPRegen 0.14/turn               (no ring)
MPRegen 0.13/turn               (no ring)
                                (no ring)
                                (no ring)

@: marked
A: almost no armour, amphibious, 8 rings, camouflage 1, gelatinous body 1,
(nimble swimmer 1), tentacles
a: no special abilities


You were on level 5 of the Dungeon.
You visited 1 branch of the dungeon, and saw 5 of its levels.

You collected 149 gold pieces.

Inventory:

Hand Weapons
 c - a +0 short sword
 f - a +2 whip of freezing
 q - a +2 trident of flaming
 s - a +4 short sword (weapon)
Missiles
 d - 8 poisoned darts
Jewellery
 b - a +6 ring of dexterity (left tentacle)
Scrolls
 h - a scroll of identify {unknown}
 i - a scroll of teleportation
 j - 2 scrolls of fog {unknown}
 k - 2 scrolls of blinking {unknown}
 m - a scroll of enchant weapon {unknown}
 u - a scroll of immolation {unknown}
Potions
 a - 3 potions of magic
 e - a potion of attraction
 g - a potion of brilliance {unknown}
 l - 2 potions of flight {unknown}
 n - 3 potions of degeneration {unknown}
 o - 2 potions of heal wounds {unknown}
 t - a potion of haste {unknown}
 v - a potion of cancellation {unknown}
 w - a potion of resistance


   Skills:
 + Level 1.1 Fighting
 + Level 1.3 Short Blades
 + Level 0.2 Maces & Flails
 + Level 0.7 Polearms
 + Level 2.5 Dodging
 + Level 4.6 Stealth
 + Level 3.6 Spellcasting
 + Level 2.0 Conjurations
 + Level 5.1 Fire Magic


You had 4 spell levels left.
You knew the following spells:

 Your Spells              Type           Power      Damage    Failure   Level
a - Foxfire               Conj/Fire      68%        2x1d7     3%          1
b - Conjure Flame         Conj/Fire      17%        6-21      10%         3
c - Inner Flame           Hex/Fire       13%        N/A       14%         3
e - Scorch                Fire           46%        2d7       2%          2

Your spell library contained the following spells:

 Spells                   Type           Power      Damage    Failure   Level
 Freeze                   Ice            12%        1d4       14%         1
 Slow                     Hex            12%        N/A       14%         1
 Flame Wave               Conj/Fire      17%        2d6       32%         4
 Confusing Touch          Hex            3%         N/A       38%         3
 Frozen Ramparts          Ice            6%         1d2       38%         3
 Vampiric Draining        Necr           3%         2d6       38%         3
 Hailstorm                Conj/Ice       7%         3d4       67%         4


Dungeon Overview and Level Annotations

Branches:
Dungeon (5/15)
 Temple: D:4-7

Altars:
Cheibriados
Qazlal
Yredelemnul

Annotations:
D:4 Edmund


Innate Abilities, Weirdness & Mutations

You cannot wear most types of armour.
You are amphibious.
You can wear up to eight rings at the same time.
Your skin changes colour to match your surroundings (Stealth+).
Your rubbery body absorbs attacks. (AC +1, EV +1)
((You are camouflaged when in or above water. (Stealth+)))
You have tentacles for arms and can constrict up to eight enemies at once.


Message History

A sentinel's mark forms upon you.
You hear an angry hiss.
You hear a bark!
You hear a shout! x4
Found a flail.
Found an escape hatch in the ceiling.
There is a stone staircase leading up here.
An adder comes into view.
A scorpion comes into view.
Found a stormy altar of Qazlal.
Casting: Foxfire (safe; 3% risk of failure)
Confirm with . or Enter, or press ? or * to list all spells.
You conjure some foxfire!
Unknown command.
Casting: Foxfire (safe; 3% risk of failure)
Confirm with . or Enter, or press ? or * to list all spells.
You conjure some foxfire!
The foxfire hits the adder.
The adder is heavily wounded.
The foxfire hits the adder.
The adder is severely wounded.
Unknown command.
You miss the adder. You grab the adder.
The adder is severely wounded.
You constrict the adder.
The foxfire hits the adder.
You kill the adder!
The foxfire hits the ice beast.
The ice beast melts!
The ice beast is lightly wounded.
Unknown command.
A hound comes into view.
A necrophage comes into view.
A centaur comes into view.
The centaur wields a +0 shortbow.
The centaur shoots an arrow.
The arrow hits you!
A hound comes into view.
The ice beast hits you.
* * * LOW HITPOINT WARNING * * *
The ice beast freezes you!
* * * LOW HITPOINT WARNING * * *
Okay, then.
You feel better. The scorpion stings you. The ice beast hits you.
* * * LOW HITPOINT WARNING * * *
The ice beast freezes you!
You die...

.# .# S# .#
c################.#
........h..n....#.#
#######sY...h...#.#
#@#######...# #.#
### #...# ..# ###
#...# #..+ ._.
+...# #..# #.#
#Y..# #..# #.#
#..s# #..# #+#
#...# #... ....#.#
........#


You could see an ice beast, a necrophage, a scorpion and 2 hounds.

Vanquished Creatures
  A scorpion (D:4)
  A centaur zombie (D:4)
  An orc priest (D:4)
  An iron imp (D:3)
  Terence (D:3)
  Jessica (D:3)
  3 orc wizards
  A hound zombie (D:4)
  5 adders
  A white imp (D:3)
  An adder zombie (D:4)
  2 worms
  A dart slug (D:1)
  12 orcs
  7 ball pythons
  9 endoplasms
  3 giant cockroaches
  8 goblins
  5 hobgoblins
  4 jackals (D:3)
  9 kobolds
  3 quokkas
  3 bats
  4 frilled lizards
  9 rats
96 creatures vanquished.

Vanquished Creatures (collateral kills)
  2 foxfires (D:1)
2 creatures vanquished.

Vanquished Creatures (others)
  251 foxfires
251 creatures vanquished.

Grand Total: 349 creatures vanquished

Notes
Turn   | Place    | Note
-------+----------+-------------------------------------------
     0 | D:1      | Conn the Octopode Fire Elementalist began the quest for the
                  | Orb.
     0 | D:1      | Reached XP level 1. HP: 11/11 MP: 3/3
   185 | D:1      | Reached XP level 2. HP: 17/17 MP: 1/5
   773 | D:1      | Reached XP level 3. HP: 21/21 MP: 2/6
  1845 | D:2      | Found a faded altar of an unknown god.
  1958 | D:2      | Reached XP level 4. HP: 27/27 MP: 4/7
  1991 | D:2      | Learned a level 2 spell: Scorch
  1997 | D:2      | Learned a level 3 spell: Conjure Flame
  2067 | D:3      | Found a snail-covered altar of Cheibriados.
  2081 | D:3      | Reached skill level 4 in Fire Magic
  2464 | D:3      | Reached XP level 5. HP: 26/32 MP: 0/9
  2677 | D:2      | Learned a level 3 spell: Inner Flame
  2738 | D:3      | Noticed Terence
  2747 | D:3      | Killed Terence
  2798 | D:3      | Noticed Jessica
  2834 | D:3      | Killed Jessica
  2835 | D:3      | Reached skill level 1 in Short Blades
  3267 | D:3      | Reached XP level 6. HP: 37/37 MP: 4/10
  3876 | D:4      | Found a basalt altar of Yredelemnul.
  3891 | D:4      | Reached skill level 1 in Fighting
  4164 | D:4      | Reached skill level 5 in Fire Magic
  4175 | D:4      | Reached XP level 7. HP: 21/43 MP: 3/12
  4438 | D:4      | Noticed Edmund
  4503 | D:5      | Entered Level 5 of the Dungeon
  4512 | D:5      | Found a stormy altar of Qazlal.
  4523 | D:5      | Slain by an ice beast

Illustrated notes

Levels and vault maps discovered:
D:1:      psy_arrival_whirlpool, layout_rooms, serial_bayou_pond_a,
          corexii_corridor_pit
D:2:      layout_loops_ring, chequers_ecumenical_altar_twisty, st_stairs_12
D:3:      layout_loops_ring, slow_altar_1, uniq_terence, uniq_jessica
D:4:      layout_cave_pools, nicolae_yredelemnul_corpse_copse,
          lemuel_tele_altar, uniq_edmund
D:5:      layout_basic, lemuel_doored_altar, ashenzari_conservatory_becter,
          serial_co_window_serial, co_window_of_opportunity_a,
          co_window_corner_a, co_window_paths_a, co_window_paths_a,
          co_window_corner_a, co_window_corner_ca, co_window_corner_cb,
          co_window_of_opportunity_b, co_window_of_opportunity_c,
          co_window_4corner_a, co_window_4corner_b, glass_columns_c,
          glass_columns_a, glass_columns_a, glass_columns_c

Skill      XL: |  1  2  3  4  5  6 |
---------------+-------------------+-----
Stealth        | 3 4 |  4.6
Fire Magic     | 4 5 |  5.1
Short Blades   | 1 |  1.3
Spellcasting   | 3 |  3.6
Fighting       | 1 |  1.1
Conjurations   | 2 |  2.0
Maces & Flails | |  0.2
Polearms       | |  0.7
Dodging        | |  2.5

Action                   |  1- 3 |  4- 6 |  7- 9 || total
-------------------------+-------+-------+-------++-------
Melee: Short sword       |    23 |    33 |     1 ||    57
       Constrict         |     5 |     7 |     1 ||    13
       Tentacles         |     3 |     6 |       ||     9
       Punch             |     1 |       |       ||     1
       Trident           |       |    10 |       ||    10
       Whip              |       |     3 |       ||     3
 Cast: Foxfire           |    64 |    74 |    11 ||   149
       Scorch            |       |    24 |     1 ||    25
       Inner Flame       |       |       |     2 ||     2
Evoke: Wand              |       |       |     2 ||     2
  Use: Potion            |       |     4 |     1 ||     5
       Scroll            |       |     1 |     1 ||     2
 Stab: Sleeping          |     5 |     8 |       ||    13
Armor: Skin              |     2 |     7 |       ||     9
Dodge: Dodged            |    15 |    48 |     5 ||    68

Table legend: (Time is in decaauts)
 A = Elapsed time spent in this place.
 B = Non-inter-level travel time spent in this place.
 C = Inter-level travel time spent in this place.
 D = Time resting spent in this place.
 E = Time spent auto-exploring this place.
 F = Levels seen in this place.
 G = Mean time per level.
                   A        B        C        D        E       F      G
               +--------+--------+--------+--------+--------+-----+--------+
         Total |   4545 |   4447 |     98 |    307 |   3122 |   5 |  909.0 |
       Dungeon |   4545 |   4447 |     98 |    307 |   3122 |   5 |  909.0 |
               +--------+--------+--------+--------+--------+-----+--------+

Top non-repeatable levels by time:
     D:3: 1400 daAuts
     D:2: 1359 daAuts
     D:1: 931 daAuts
     D:4: 834 daAuts
     D:5: 19 daAuts
